 Dungeon Crawl Stone Soup version 0.30.0-30-g96aa6591b8 (webtiles) character file.

Game seed: 6402089492738996879

247 adizb the Cudgeller (level 6, 0/40 HPs)
             Began as a Gargoyle Monk on July 1, 2023.
             Was an Initiate of Gozag.
             Slain by a gnoll
             ... wielding a +0 heavy halberd
             ... led by a gnoll bouda
              (18 damage)
             ... on level 6 of the Dungeon.
             The game lasted 00:10:13 (1887 turns).

adizb the Cudgeller (Gargoyle Monk)                 Turns: 1887, Time: 00:10:14

Health: 0/40       AC: 10    Str: 16    XL:     6   Next: 11%
Magic:  6/6        EV: 11    Int: 11    God:    Gozag
Gold:   373        SH:  0    Dex: 12    Spells: 5/5 levels left

rFire   . . .        i - +3 mace
rCold   . . .        d - orb {light}
rNeg    + . .        o - +1 ring mail
rPois   ∞            (no helmet)
rElec   +            (no cloak)
rCorr   .            (no gloves)
SInv    .            (no boots)
Will    .....        (no amulet)
Stlth   +            (no ring)
HPRegen 0.26/turn    (no ring)
MPRegen 0.10/turn

%: no passive effects
@: gold aura, glowing
A: sickness immunity, AC +4, negative energy resistance 1, electricity
resistance, torment resistance 1, petrification resistance
a: Renounce Religion, Potion Petition, Call Merchant, Bribe Branch


You were on level 6 of the Dungeon.
You worshipped Gozag.
Gozag was aware of your devotion.
You visited 1 branch of the dungeon, and saw 4 of its levels.

You collected 373 gold pieces.

Inventory:

Hand Weapons
 i - a +3 mace (weapon)
Armour
 d - an orb of light (worn)
 h - a +0 scale mail
 o - a +1 ring mail (worn)
Scrolls
 b - a scroll of acquirement {unknown}
 e - a scroll of amnesia {unknown}
 f - 2 scrolls of fog
 j - a scroll of noise {unknown}
 k - a scroll of poison {unknown}
 l - 2 scrolls of identify {unknown}
 n - a scroll of immolation {unknown}
Potions
 a - a potion of degeneration {unknown}
 c - a potion of ambrosia
 g - 2 potions of flight {unknown}
 m - a potion of curing {unknown}
 p - a potion of cancellation {unknown}
 q - a potion of haste {unknown}


   Skills:
 + Level 4.9 Fighting
 * Level 5.7 Maces & Flails
 - Level 2.4 Dodging


You had 5 spell levels left.
You didn't know any spells.
Your spell library was empty.

Dungeon Overview and Level Annotations

Branches:
Dungeon (3/15)

Altars:
Gozag
Ru

Shops:
D:1 !


Innate Abilities, Weirdness & Mutations

You are immune to sickness and miasma.
Your stone body is resilient. (AC +4)
You are immune to poison.
You resist negative energy. (rN+)
You are resistant to electric shocks. (rElec)
You are resistant to unholy torment.
You are immune to petrification.


Message History

The gnoll bouda gazes fiercely through you!
You feel your attacks grow feeble.
You hear a shout!
The gnoll bouda barks out a call to the hunt!
The gnoll picks up the pace!
Your attacks no longer feel as feeble.
A gnoll comes into view. It is wielding a +0 heavy halberd.
A gnoll comes into view. It is wielding a +0 club.
You completely miss the gnoll bouda.
You hear the slow hiss of a very distant avalanche of sand.
The gnoll bouda hits you with a +0 whip.
You hit the gnoll bouda.
The gnoll bouda is moderately wounded.
The gnoll hits you from afar with a +0 halberd.
The gnoll bouda hits you with a +0 whip.
The gnoll misses you.
You hit the gnoll bouda.
The gnoll bouda is severely wounded.
The gnoll bouda hits you with a +0 whip.
A gnoll comes into view. It is wielding a +0 halberd.
The gnoll hits you but does no damage.
You hit the gnoll bouda.
You kill the gnoll bouda!
The gnoll closely misses you.
You have reached level 6!
The gnoll barely misses you. x2
Things that are here:
4 gold pieces; a +0 whip; a +0 leather armour You hit the gnoll.
The gnoll is heavily wounded.
The gnoll is no longer moving quickly.
The gnoll barely misses you.
The gnoll hits you from afar with a +0 heavy halberd.
You hit the gnoll.
The gnoll is almost dead.
The gnoll is no longer moving quickly. x3; The gnoll closely misses you. x2
You hit the gnoll.
You kill the gnoll!
The gnoll hits you with a +0 heavy halberd!!
You die...
Your body crumbles into a pile of gold.

..+ +..........#
### ####...#####
# ##..#.##
##....# ###.##
#.# #.#
#<############.#
#......ggg@$...#
...#############


You could see 3 gnolls.

Vanquished Creatures
  A black bear (D:6)
  A hound (D:6)
  A gnoll bouda (D:6)
  A gnoll (D:6)
  2 adders
  A shadow imp (D:6)
  A worm (D:2)
  2 dart slugs (D:3)
  An orc (D:2)
  7 ball pythons
  5 endoplasms
  3 giant cockroaches (D:1)
  6 goblins
  7 hobgoblins
  2 quokkas
  5 bats
  5 frilled lizards
  A kobold (D:2)
  7 rats
59 creatures vanquished.

Notes
Turn   | Place    | Note
-------+----------+-------------------------------------------
     0 | D:1      | adizb the Gargoyle Monk began the quest for the Orb.
     0 | D:1      | Reached XP level 1. HP: 14/14 MP: 1/1
    49 | D:1      | Found Pumab's Distillery.
   292 | D:1      | Reached XP level 2. HP: 19/19 MP: 2/2
   415 | D:1      | Found a faded altar of an unknown god.
   432 | D:1      | Prayed at the altar of an unknown god.
   432 | D:1      | Became a worshipper of Gozag Ym Sagoz the Greedy
   605 | D:1      | Reached XP level 3. HP: 24/24 MP: 3/3
   907 | D:2      | Reached skill level 4 in Maces & Flails
  1154 | D:2      | Reached XP level 4. HP: 25/29 MP: 4/4
  1615 | D:3      | Found a sacrificial altar of Ru.
  1730 | D:3      | You fall into a shaft and drop 3 floors!
  1819 | D:6      | Noticed a black bear
  1827 | D:6      | Killed a black bear
  1828 | D:6      | Reached skill level 5 in Maces & Flails
  1828 | D:6      | Reached XP level 5. HP: 19/34 MP: 5/5
  1883 | D:6      | Reached XP level 6. HP: 23/40 MP: 6/6
  1887 | D:6      | Slain by a gnoll

Illustrated notes

Levels and vault maps discovered:
D:1:      scummos_arrival_gate, layout_basic, serial_shops, shop,
          shapermc_ecumenical_altar_mp_urbaneastern,
          amcnicky_mini_corridor_feature
D:2:      layout_loops_ring, dk_noncrumbling_2, minmay_quantized
D:3:      layout_basic, nicolae_overflow_crystal_walls
D:6:      layout_loops_corners, minmay_temple_entry_hall,
          lightli_ossuary_entry_decrepit_ruins

Skill      XL: |  1  2  3  4 |
---------------+-------------+-----
Maces & Flails | 4 5 |  5.7
Fighting       | 4 |  4.9
Dodging        | |  2.4

Action                     |  1- 3 |  4- 6 || total
---------------------------+-------+-------++-------
  Melee: Mace              |    76 |    55 ||   131
    Use: Scroll            |       |     2 ||     2
 Armour: Robe              |    16 |       ||    16
         Ring mail         |     5 |    25 ||    30
  Dodge: Dodged            |    35 |    35 ||    70
